 Dungeon Crawl Stone Soup version 0.30-a0-371-gad7725a93e (webtiles) character file.

Game seed: 3703743896214357118

3042 bande the Chopper (level 9, -1/55 HPs)
             Began as a Gargoyle Fighter on Nov 21, 2022.
             Was a Priest of Okawaru.
             Slain by a two-headed ogre
             ... wielding a +0 giant club
              (16 damage)
             ... on level 6 of the Dungeon.
             The game lasted 00:12:00 (7518 turns).

bande the Chopper (Gargoyle Fighter)                Turns: 7518, Time: 00:12:01

Health: -1/55      AC: 19    Str: 20    XL:     9   Next: 86%
Magic:  12/12      EV:  7    Int:  9    God:    Okawaru [***...]
Gold:   324        SH:  5    Dex: 13    Spells: 8/8 levels left

rFire   . . .      SeeInvis .    a - +1 war axe (venom)
rCold   . . .      Faith    .    c - +0 buckler
rNeg    + . .      Spirit   .    n - +0 chain mail
rPois   ∞          Reflect  .    (no helmet)
rElec   +          Harm     .    r - +0 cloak
rCorr   .          Rampage  .    (no gloves)
Will    .....                    m - +0 pair of boots
Stlth   ..........               (no amulet)
HPRegen 0.29/turn                (no ring)
MPRegen 0.13/turn                (no ring)

@: mighty
A: sickness immunity, AC +6, negative energy resistance 1, electricity
resistance, torment resistance 1, petrification resistance
a: Renounce Religion, Heroism


You were on level 6 of the Dungeon.
You worshipped Okawaru.
Okawaru was most pleased with you.
You visited 2 branches of the dungeon, and saw 8 of its levels.

You collected 324 gold pieces.

Inventory:

Hand Weapons
 a - a +1 war axe of venom (weapon)
 f - a +0 war axe
Missiles
 j - 4 throwing nets (quivered)
Armour
 c - a +0 buckler (worn)
 m - a +0 pair of boots (worn)
 n - a +0 chain mail (worn)
 r - a +0 cloak (worn)
Wands
 g - a wand of roots (13)
 p - a wand of polymorph (5)
 s - a wand of light (9)
Scrolls
 b - a scroll of poison
 t - a scroll of fear
 u - a scroll of magic mapping
 v - a scroll of torment {unknown}
Potions
 e - 2 potions of flight {unknown}
 h - a potion of degeneration {unknown}
 i - 3 potions of curing
 k - 3 potions of brilliance {unknown}
 l - 3 potions of attraction {unknown}
 o - a potion of heal wounds {unknown}
 q - 2 potions of cancellation {unknown}


   Skills:
 + Level 6.0 Fighting
 + Level 7.6 Axes
 + Level 7.0 Armour
 + Level 5.2 Shields
 * Level 4.5 Invocations
 * Level 4.6 Evocations


You had 8 spell levels left.
You didn't know any spells.
Your spell library contained the following spells:

 Spells                   Type           Power      Damage    Failure   Level
 Magic Dart               Conj           0%         1d3       99%         1
 Necrotise                Necr           0%         1d4       99%         1
 Ensorcelled Hibernation  Hex/Ice        0%         N/A       100%        2
 Passwall                 Tmut/Erth      0%         N/A       100%        2
 Gell's Gravitas          Tloc           0%         N/A       100%        3
 Mephitic Cloud           Conj/Pois/Air  0%         N/A       100%        3
 Swiftness                Air            0%         N/A       100%        3
 Teleport Other           Tloc           0%         N/A       100%        3
 Vampiric Draining        Necr           0%         2d6       100%        3
 Agony                    Necr           0%         N/A       100%        5
 Dispersal                Tloc           0%         N/A       100%        6
 Call Imp                 Summ           Unusable   N/A       N/A         2

Dungeon Overview and Level Annotations

Branches:
Dungeon (7/15)             Temple (1/1) D:5

Altars:
Hepliaklqana
Kikubaaqudgha
Makhleb
Okawaru
Sif Muna
Vehumet
The Shining One


Innate Abilities, Weirdness & Mutations

You are immune to sickness and miasma.
Your stone body is resilient. (AC +6)
You are immune to poison.
You resist negative energy. (rN+)
You are resistant to electric shocks. (rElec)
You are resistant to unholy torment.
You are immune to petrification.


Message History

Things that are here:
a +0 giant spiked club; an ogre corpse You start resting.
HP restored.
You start waiting.
Done waiting.
You start waiting.
Done waiting.
There is a stone staircase leading down here.
You climb downwards.
The two-headed ogre closely misses you.
The two-headed ogre hits you with a +0 dire flail!
There is a stone staircase leading up here.
Unknown command.
The two-headed ogre hits you with a +0 giant club!!
The two-headed ogre hits you but does no damage.
You climb upwards.
There is a stone staircase leading down here.
Unknown command.
You feel very mighty all of a sudden.
You barely miss the two-headed ogre.
The two-headed ogre completely misses you.
The two-headed ogre hits you but does no damage.
You barely miss the two-headed ogre. You block the two-headed ogre's attack.
The two-headed ogre hits you but does no damage.
You slash the two-headed ogre!
The two-headed ogre is poisoned.
The two-headed ogre is moderately wounded.
The two-headed ogre hits you with a +0 giant club!
* * * LOW HITPOINT WARNING * * *
The two-headed ogre hits you but does no damage.
You barely miss the two-headed ogre.
The two-headed ogre is moderately wounded.
You barely miss the two-headed ogre.
The two-headed ogre is moderately wounded.
The two-headed ogre closely misses you.
The two-headed ogre hits you but does no damage.
You hit the two-headed ogre.
The two-headed ogre looks as sick as possible!
The two-headed ogre is moderately wounded.
The two-headed ogre hits you with a +0 giant club!
You die...

#......####.##..#.# # #...).)#
#.##....## # #......#
#.###....##### #......#
#.####.#..##.. #......#
#..###....##.#
#######......#####.##.........
#......................##.#...
####.##.....O#####.###.##...#.
#..##.###)@..##.###.....##.
##..#.###.##.....####...#..
##.......#####....##...#.. #####
#...|##...#####.#..#...#.# #...#
#.###........##.....#....#
#...###.# #.....................
#.....#.###.....#...##.##.......
#...............#.....(.........
#...###.....##..#..###.###......


You could see a two-headed ogre (extremely poisoned).

Vanquished Creatures
  A cyclops (D:7)
  A troll (D:7)
  Grinder (D:5)
  Sigmund (D:6)
  A steam dragon (D:7)
  A water moccasin (D:6)
  2 ice beasts
  A sky beast (D:7)
  3 black bears
  2 ogres (D:6)
  2 centaurs (D:6)
  A phantom (D:7)
  A necrophage (D:5)
  2 scorpions
  2 orc priests
  5 hounds
  3 jellies
  2 iguanas
  Crazy Yiuf (D:5)
  7 orc wizards
  5 gnolls (D:3)
  4 adders
  A white imp (D:5)
  2 ufetubi
  2 worms (D:2)
  4 dart slugs
  19 orcs
  6 ball pythons
  3 bats (D:3)
  6 endoplasms
  2 giant cockroaches
  6 goblins
  3 hobgoblins
  4 kobolds
  4 quokkas
  6 frilled lizards
  4 rats
121 creatures vanquished.

Notes
Turn   | Place    | Note
-------+----------+-------------------------------------------
     0 | D:1      | bande the Gargoyle Fighter began the quest for the Orb.
     0 | D:1      | Reached XP level 1. HP: 14/14 MP: 1/1
   160 | D:1      | Reached XP level 2. HP: 19/19 MP: 2/2
   299 | D:1      | Found a faded altar of an unknown god.
   983 | D:2      | Reached XP level 3. HP: 21/23 MP: 3/3
  1540 | D:3      | Reached XP level 4. HP: 14/29 MP: 4/4
  2407 | D:3      | Reached XP level 5. HP: 5/33 MP: 5/5
  2869 | D:4      | Reached skill level 1 in Evocations
  2877 | D:4      | Reached XP level 6. HP: 27/38 MP: 6/6
  3967 | D:5      | Entered Level 5 of the Dungeon
  4161 | D:5      | Noticed Sigmund
  4161 | D:5      | Noticed a black bear
  4211 | D:6      | Killed Sigmund
  4212 | D:6      | Reached skill level 5 in Armour
  4212 | D:6      | Reached XP level 7. HP: 30/44 MP: 7/7
  4444 | D:5      | Reached skill level 5 in Axes
  4447 | D:5      | Found a staircase to the Ecumenical Temple.
  4461 | Temple   | Entered the Ecumenical Temple
  4475 | Temple   | Became a worshipper of Warmaster Okawaru
  4604 | D:5      | Reached skill level 1 in Invocations
  4604 | D:5      | Reached XP level 8. HP: 43/48 MP: 8/8
  4640 | D:5      | Found a radiant altar of Vehumet.
  4769 | D:5      | Reached * piety under Okawaru
  4770 | D:5      | Reached skill level 5 in Fighting
  5071 | D:5      | Found a runed translucent door.
  5072 | D:5      | Noticed Crazy Yiuf
  5234 | D:5      | Noticed Grinder
  5250 | D:5      | Paralysed by Grinder for 2 turns
  5266 | D:5      | Paralysed by Grinder for 5 turns
  5276 | D:5      | Killed Grinder
  5719 | D:5      | Killed Crazy Yiuf
  6173 | D:6      | Reached XP level 9. HP: 46/54 MP: 11/11
  6265 | D:6      | Reached ** piety under Okawaru
  6435 | D:6      | Identified the +2 leather armour "Riud" {Int+4 Stlth-}
  6443 | D:6      | Found a burning altar of Makhleb.
  6669 | D:7      | Noticed a cyclops
  6677 | D:7      | Killed a cyclops
  6678 | D:7      | Reached skill level 5 in Shields
  6915 | D:7      | Noticed a troll
  6928 | D:7      | Killed a troll
  6928 | D:7      | Reached *** piety under Okawaru
  7186 | D:7      | Noticed a gargoyle
  7186 | D:7      | Noticed a deep elf pyromancer
  7186 | D:7      | Noticed a two-headed ogre
  7518 | D:6      | Slain by a two-headed ogre

Illustrated notes

Levels and vault maps discovered:
D:1:      amcnicky_arrival_flooded_fountain, layout_basic,
          shapermc_ecumenical_altar_gd
D:2:      layout_basic, serial_corexii_hall, corexii_hall_statues_l,
          corexii_hall_statues_i
D:3:      minmay_door_path, layout_basic
D:4:      layout_loops_ring
D:5:      layout_loops_corners, kennysheep_mini, minmay_temple_entry_wispy,
          uniq_sigmund, uniq_grinder, uniq_crazy_yiuf_cottage
D:6:      layout_rooms, mainiacjoe_overflow_six_doors_small, nicolae_titane
D:7:      minmay_the_grid_plus [minmay_the_grid_tri_star,
          minmay_the_grid_stretched_grid, minmay_the_grid_expand,
          minmay_the_grid_paths, minmay_the_grid_prize_four_corners],
          layout_loops_ring, minmay_small_thing, uniq_joseph
Temple:   regret_index_temple_waves

Skill      XL: |  1  2  3  4  5  6  7  8  9 |
---------------+----------------------------+-----
Axes           | 2 3 4 5 6 7 |  7.6
Armour         | 4 5 6 7 |  7.0
Evocations     | 1 2 3 4 |  4.6
Fighting       | 4 5 6 |  6.0
Shields        | 4 5 |  5.2
Invocations    | 1 3 4 |  4.5

Action                   |  1- 3 |  4- 6 |  7- 9 || total
-------------------------+-------+-------+-------++-------
Melee: War axe           |   102 |   125 |   213 ||   440
  Use: Scroll            |     4 |     7 |     2 ||    13
       Potion            |       |       |     1 ||     1
Armor: Scale mail        |    49 |     9 |       ||    58
       Chain mail        |       |    77 |   210 ||   287
Dodge: Dodged            |    59 |    44 |    74 ||   177
Block: Buckler           |    26 |    25 |    47 ||    98

Table legend: (Time is in decaauts)
 A = Elapsed time spent in this place.
 B = Non-inter-level travel time spent in this place.
 C = Inter-level travel time spent in this place.
 D = Time resting spent in this place.
 E = Time spent auto-exploring this place.
 F = Levels seen in this place.
 G = Mean time per level.
                   A        B        C        D        E       F      G
               +--------+--------+--------+--------+--------+-----+--------+
         Total |   7666 |   7474 |    192 |   2259 |   3838 |   8 |  958.2 |
       Dungeon |   7634 |   7442 |    192 |   2259 |   3834 |   7 | 1090.6 |
        Temple |     31 |     31 |      0 |      0 |      4 |   1 |   31.0 |
               +--------+--------+--------+--------+--------+-----+--------+

Top non-repeatable levels by time:
     D:5: 1778 daAuts
     D:3: 1424 daAuts
     D:4: 1256 daAuts
     D:6: 1214 daAuts
     D:1: 687 daAuts
     D:2: 679 daAuts
     D:7: 593 daAuts
  Temple: 31 daAuts
